 Dungeon Crawl Stone Soup version 0.28.0-45-g0d030f2227 (webtiles) character file.

Game seed: 17623644063375200936

4 pkoi the Digger (level 1, 0/14 HPs)
             Began as a Demigod Earth Elementalist on Apr 15, 2022.
             Slain by a goblin
             ... wielding a +0 dagger of venom
              (1 damage)
             ... on level 1 of the Dungeon.
             The game lasted 00:00:29 (720 turns).

pkoi the Digger (Demigod Earth Elementalist)         Turns: 720, Time: 00:00:30

Health: 0/14       AC:  2    Str:  9    XL:     1   Next: 46%
Magic:  3/5        EV: 12    Int: 17    God:
Gold:   16         SH:  0    Dex: 14    Spells: 2/3 levels left

rFire   . . .      SeeInvis .   d - +0 hand axe
rCold   . . .      Faith    .   (no shield)
rNeg    . . .      Spirit   .   b - +0 robe
rPois   .          Reflect  .   (no helmet)
rElec   .          Harm     .   (no cloak)
rCorr   .          Rampage  .   (no gloves)
Will    .....                   (no boots)
Stlth   ++........              (no amulet)
HPRegen 0.04/turn               (no ring)
MPRegen 0.09/turn               (no ring)

@: lethally poisoned (0 -> -18)
A: high MP 1, forlorn, divine attributes
a: no special abilities


You were on level 1 of the Dungeon.
You visited 1 branch of the dungeon, and saw 1 of its levels.

You collected 16 gold pieces.

Inventory:

Hand Weapons
 d - a +0 hand axe (weapon)
Missiles
 c - 27 stones
Armour
 b - a +0 robe (worn)
Scrolls
 a - a scroll of summoning {unknown}
Potions
 e - a potion of flight {unknown}


   Skills:
 - Level 1.7 Dodging
 - Level 1.7 Stealth
 + Level 0.3 Unarmed Combat
 - Level 1.7 Spellcasting
 + Level 1.1 Transmutations
 + Level 2.8 Earth Magic


You had 2 spell levels left.
You knew the following spells:

 Your Spells              Type           Power      Damage    Failure   Level
a - Sandblast             Erth           22%        2d7       6%          1

Your spell library contained the following spells:

 Spells                   Type           Power      Damage    Failure   Level
 Passwall                 Tmut/Erth      6%         N/A       14%         2
 Stone Arrow              Conj/Erth      12%        3d7       32%         3
 Petrify                  Tmut/Erth      8%         N/A       65%         4


Dungeon Overview and Level Annotations

Branches:
Dungeon (1/15)


Innate Abilities, Weirdness & Mutations

You have an increased reservoir of magic. (+10% MP)
You shall have no god before yourself.
Your divine heritage dramatically boosts your attributes as you level up.


Message History

The rat is moderately wounded.
The rat bites you.
* * * LOW HITPOINT WARNING * * *
You hit the rat.
You kill the rat!
You see here a rat corpse.
You start resting.
HP restored.
Found a leather armour.
Found a faded altar of an unknown god.
A goblin comes into view. It is wielding a +0 dagger of venom.
The goblin shouts!
You closely miss the goblin. You hit the plant.
The plant begins to die.
You hit the plant.
The plant begins to die.
The goblin hits you with a +0 dagger of venom.
You are poisoned.
You hit the goblin.
The goblin is moderately wounded.
You hit the plant but do no damage. You hit the plant.
You feel very sick.
The goblin hits you with a +0 dagger of venom.
* * * LOW HITPOINT WARNING * * *
You are lethally poisoned!
Aiming: Sandblast (safe; 6% risk of failure)
Press: ? - help, Q - select action, (/) - cycle Shift-Dir - straight line, f - goblin
Aim: a goblin, wielding a +0 dagger of venom (74% to hit)
The blast of sand misses the goblin.
* * * LOW HITPOINT WARNING * * *
You feel sick.
A nearby plant withers and dies. x2
The goblin hits you with a +0 dagger of venom.
* * * LOW HITPOINT WARNING * * *
You are more poisoned.
Aiming: Sandblast (safe; 6% risk of failure)
Press: ? - help, Q - select action, (/) - cycle Shift-Dir - straight line, f/p - goblin
Aim: a goblin, wielding a +0 dagger of venom (74% to hit)
The blast of sand misses the goblin.
* * * LOW HITPOINT WARNING * * *
You feel very sick.
The goblin hits you with a +0 dagger of venom.
You die...

###########
#..........
#..........
#..P.P.....
#.[...P.###
#.........#
#..@g.⌠P..#
#....⌠..###
##..≈...._####
#..P..P###..#
#..####P....#
###.....PP..#
#.PP.P.P....# ##
######.....#######.
#...........#.


You could see a goblin.

Vanquished Creatures
  An endoplasm (D:1)
  A quokka (D:1)
  A ball python (D:1)
  2 rats (D:1)
5 creatures vanquished.

Vanquished Creatures (others)
  2 plants (D:1)
2 creatures vanquished.

Grand Total: 7 creatures vanquished

Notes
Turn   | Place    | Note
-------+----------+-------------------------------------------
     0 | D:1      | pkoi the Demigod Earth Elementalist began the quest for the
                  | Orb.
     0 | D:1      | Reached XP level 1. HP: 14/14 MP: 5/5
   244 | D:1      | Reached skill level 1 in Transmutations
   720 | D:1      | Slain by a goblin

Illustrated notes

Levels and vault maps discovered:
D:1:      dpeg_arrival_orchard, layout_rooms,
          shapermc_ecumenical_altar_mp_ritualfount, serial_bayou_crossing

Skill      XL: |  1 |
---------------+----+-----
Transmutations | 1 |  1.1
Dodging        | |  1.7
Stealth        | |  1.7
Unarmed Combat | |  0.3
Spellcasting   | |  1.7
Earth Magic    | |  2.8

Action                   || total
-------------------------++-------
Melee: Hand axe          ||    20
 Cast: Sandblast         ||     3
Dodge: Dodged            ||    12
